 Dungeon Crawl Stone Soup version 0.24.1-14-gf8d2b509d9 (webtiles) character file.

Game seed: 11324934113431814906, levelgen mode: deterministic

239 KlarStein the Cutter (level 5, -9/41 HPs)
             Began as a Demonspawn Gladiator on Nov 24, 2020.
             Mangled by an ogre
             ... wielding a +0 giant club
              (18 damage)
             ... on level 4 of the Dungeon.
             The game lasted 00:13:33 (3651 turns).

KlarStein the Cutter (Demonspawn Gladiator)         Turns: 3651, Time: 00:13:34

Health: -9/41      AC:  8    Str: 14    XL:     5   Next: 79%
Magic:  5/5        EV: 13    Int:  9    God:
Gold:   108        SH:  0    Dex: 16    Spells: 4/4 levels left

rFire    . . .     SeeInvis .   a - +0 rapier
rCold    . . .     Gourm    .   (no shield)
rNeg     . . .     Faith    .   b - +0 leather armour
rPois    .         Spirit   .   c - +0 helmet
rElec    .         Reflect  .   (no cloak)
rCorr    .         Harm     .   j - +0 pair of gloves
MR       .....                  l - +0 pair of boots
Stlth    ++........             (no amulet)
HPRegen  0.13/turn              (no ring)
MPRegen  0.09/turn              (no ring)

@: no status effects
A: icy blue scales 1, rot immunity
a: no special abilities


You were on level 4 of the Dungeon.
You were not hungry.

You visited 1 branch of the dungeon, and saw 4 of its levels.

You collected 108 gold pieces.

Inventory:

Hand Weapons
 a - a +0 rapier (weapon)
Missiles
 o - 26 poisoned darts (quivered)
Armour
 b - a +0 leather armour (worn)
 c - a +0 helmet (worn)
 e - a cursed +0 leather armour
 j - a +0 pair of gloves (worn)
 l - a +0 pair of boots (worn)
Wands
 g - a wand of clouds (2)
Scrolls
 i - 2 scrolls of teleportation
Potions
 h - a potion of might {unknown}
 m - a potion of agility {unknown}
 n - a potion of lignification {unknown}
 p - a potion of curing {unknown}
 q - a potion of degeneration {unknown}
 r - a potion of mutation {unknown}
Comestibles
 f - 11 rations
 k - 10 chunks of flesh


   Skills:
 + Level 3.2 Fighting
 * Level 4.3 Short Blades
 - Level 1.7 Throwing
 + Level 3.5 Dodging
 + Level 2.2 Stealth


You had 4 spell levels left.
You didn't know any spells.
Your spell library was empty.

Dungeon Overview and Level Annotations

Branches:
Dungeon (4/15)
 Temple: D:4-7

Altars:
The Shining One


Innate Abilities, Weirdness & Mutations

You are partially covered in icy blue scales. (AC +2)
You are immune to rotting.


Message History

The net rips apart, and the ogre comes free!
You puncture the ogre!
The ogre is severely wounded.
The ogre hits you with a +0 giant club!!
Ouch! That really hurt!
* * * LOW HITPOINT WARNING * * *
You barely miss the ogre.
The ogre is severely wounded.
The ogre closely misses you.
You hit the ogre.
The ogre is severely wounded.
The ogre hits you with a +0 giant club.
* * * LOW HITPOINT WARNING * * *
Some of the chunks of flesh in your inventory have rotted away.
You barely miss the ogre.
The ogre is severely wounded.
You hit the ogre.
The ogre is almost dead.
The ogre hits you with a +0 giant club!!
You die...

#### ...# ...########
<.........# #######
..........# #.....#
.........)####.....# ####
###.....)..).#.....# ... #
#.......##รท...@..##.##
#.......###....O.#...##
#........###..........# #
#.##.###.#.........##...#
###.##.#...........(.##. #
.......#.#..##...........
............##......#.$.O.
.....#
###.................
.....# #..######..#......


You could see an ogre.

Vanquished Creatures
  A hound (D:4)
  An orc wizard (D:4)
  An orc priest (D:3)
  Ijyb (D:3)
  4 adders
  An ooze (D:1)
  5 worms (D:2)
  2 dart slugs
  6 orcs
  2 giant cockroaches (D:3)
  2 goblins
  5 hobgoblins
  6 jackals
  2 quokkas
  7 bats
  9 frilled lizards
  7 kobolds
  8 rats
70 creatures vanquished.

Notes
Turn   | Place    | Note
-------+----------+-------------------------------------------
     0 | D:1      | KlarStein the Demonspawn Gladiator began the quest for the
                  | Orb.
     0 | D:1      | Reached XP level 1. HP: 16/16 MP: 1/1
   659 | D:1      | Gained mutation: You are immune to rotting. [demonic
                  | ancestry]
   659 | D:1      | Reached XP level 2. HP: 22/22 MP: 2/2
   757 | D:1      | Reached skill level 3 in Short Blades
  1386 | D:2      | Reached skill level 1 in Stealth
  1386 | D:2      | Gained mutation: You are partially covered in icy blue
                  | scales. (AC +2) [demonic ancestry]
  1386 | D:2      | Reached XP level 3. HP: 2/28 MP: 3/3
  1979 | D:2      | Reached XP level 4. HP: 18/34 MP: 4/4
  2624 | D:3      | Found a glowing golden altar of the Shining One.
  2766 | D:3      | Noticed Ijyb
  2818 | D:3      | Killed Ijyb
  3235 | D:3      | Reached XP level 5. HP: 40/40 MP: 5/5
  3276 | D:3      | Reached skill level 4 in Short Blades
  3606 | D:4      | Noticed an ogre
  3651 | D:4      | Mangled by an ogre

Levels and vault maps discovered:
D:1:      dpeg_chamrin_arrival_tetris, layout_loops_corners
D:2:      layout_loops_ring, minmay_bisected
D:3:      layout_loops_ring, tso_altar, first_ration, uniq_ijyb
D:4:      layout_rooms, lemuel_round_altar, gup_sewer_entry_bowl

Skill      XL: |  1  2  3  4  5 |
---------------+----------------+-----
Short Blades   | 3 4 |  4.3
Stealth        | 1 2 |  2.2
Dodging        | 3 |  3.5
Fighting       | 3 |  3.2
Throwing       | |  1.7

Action                   |  1- 3 |  4- 6 || total
-------------------------+-------+-------++-------
Melee: Rapier            |   152 |   121 ||   273
Throw: Throwing net      |     2 |     3 ||     5
       Dart              |       |     5 ||     5
Evoke: Wand              |       |     2 ||     2
  Use: Potion            |     1 |       ||     1
       Scroll            |       |     4 ||     4
 Stab: Sleeping          |     2 |     1 ||     3
  Eat: Chunk             |     3 |     6 ||     9
Armor: Leather armour    |    46 |    27 ||    73
Dodge: Dodged            |    88 |    76 ||   164
